[Event "Titled Tuesday Blitz October 31 Late 2023"]
[White "Fernandez Siles, Luis"]
[Black "Kubicka, Anna"]
[WhiteFideId "2209420"]
[BlackFideId "1152254"]
[WhiteElo "2321"]
[BlackElo "2475"]
[Result "0-1"]
[Round "8"]
[TimeControl "180+1"]
[Date "2023.10.31"]
[WhiteClock "0:00:46"]
[BlackClock "0:00:47"]
[Board "73"]

1. e4 c5 2. Nf3 d6 3. d4 cxd4 4. Nxd4 Nf6 5. Nc3 a6 6. Bg5 Nbd7 7. Bc4 h6 8. Be3 Qc7 9. Qe2 Ne5 10. Bb3 e6 11. h3 Be7 12. f4 Nc6 13. Nf3 b5 14. f5 exf5 15. exf5 Bxf5 16. O-O O-O 17. Nd4 Bg6 18. Rxf6 Bxf6 19. Nd5 Nxd4 20. Nxf6+ gxf6 21. Bxd4 Rfe8 22. Qg4 Kh7 23. Qh4 Qe7 24. Rf1 f5 25. Bf6 Qe4 26. g4 Qe3+ 27. Rf2 fxg4 28. hxg4 Qe1+ 29. Kh2 Re2 30. Bd4 Rae8 31. Bxf7 Bxf7 32. Qf6 Rxf2+ 33. Bxf2 Qe5+ 0-1


[Site "https://www.chess.com"]

[Event "Titled Tuesday Blitz October 31 Late 2023"]
[White "Howell, David W L"]
[Black "Sramek, Vojtech"]
[WhiteFideId "410608"]
[BlackFideId "358681"]
[WhiteElo "2974"]
[BlackElo "2301"]
[Result "1-0"]
[Round "8"]
[TimeControl "180+1"]
[Date "2023.10.31"]
[WhiteClock "0:00:55"]
[BlackClock "0:00:13"]
[Board "74"]

1. d4 d5 2. c3 Nf6 3. Bf4 e6 4. Nd2 Bd6 5. e3 O-O 6. Ngf3 Bxf4 7. exf4 b6 8. h4 c5 9. h5 Ba6 10. h6 g6 11. Bxa6 Nxa6 12. Qe2 Nc7 13. g3 Nce8 14. Kf1 Nd6 15. Kg2 cxd4 16. Nxd4 Nfe4 17. N2f3 Qe7 18. Rad1 f6 19. Rhe1 Rae8 20. Nb5 Nxb5 21. Qxb5 Qc5 22. Qe2 e5 23. f5 gxf5 24. Nh4 Kh8 25. Nxf5 Rg8 26. c4 Rg5 27. Rxd5 Qxf2+ 28. Qxf2 Nxf2 29. Nd6 Reg8 30. Nf7# 1-0


[Site "https://www.chess.com"]

[Event "Titled Tuesday Blitz October 31 Late 2023"]
[White "Hambleton, Aman"]
[Black "Devagharan, Devina"]
[WhiteFideId "2606577"]
[BlackFideId "2061600"]
[WhiteElo "2762"]
[BlackElo "2429"]
[Result "1-0"]
[Round "8"]
[TimeControl "180+1"]
[Date "2023.10.31"]
[WhiteClock "0:00:15"]
[BlackClock "0:00:00"]
[Board "75"]

1. d4 d5 2. Bf4 Nf6 3. e3 e6 4. Nf3 c5 5. c3 Nc6 6. Nbd2 Bd6 7. Bg3 O-O 8. Bd3 b6 9. e4 dxe4 10. Nxe4 Nxe4 11. Bxe4 Bb7 12. dxc5 Bxc5 13. Qa4 Rc8 14. Rd1 Qe7 15. b4 b5 16. Qxb5 Bb6 17. O-O f5 18. Bd6 Qf6 19. Bb1 Rfd8 20. c4 Ba8 21. c5 a6 22. Qxb6 Ne7 23. Be5 Qf8 24. Qxe6+ 1-0


[Site "https://www.chess.com"]

[Event "Titled Tuesday Blitz October 31 Late 2023"]
[White "Zakarian, David"]
[Black "Ardelean, George-Catalin"]
[WhiteFideId "13301276"]
[BlackFideId "1207091"]
[WhiteElo "2432"]
[BlackElo "2725"]
[Result "1/2-1/2"]
[Round "8"]
[TimeControl "180+1"]
[Date "2023.10.31"]
[WhiteClock "0:00:02"]
[BlackClock "0:00:13"]
[Board "76"]

1. f4 d5 2. Nf3 Nf6 3. e3 g6 4. b3 Bg7 5. Bb2 O-O 6. Be2 c5 7. O-O Nc6 8. Bb5 Qc7 9. Bxc6 Qxc6 10. d3 Ne8 11. Bxg7 Nxg7 12. Ne5 Qd6 13. Nd2 f6 14. Nef3 e5 15. fxe5 fxe5 16. e4 Be6 17. Qe1 d4 18. Qg3 Rf4 19. Nxe5 Nh5 20. Nec4 Rxf1+ 21. Nxf1 Nxg3 22. Nxd6 Ne2+ 23. Kf2 Bg4 24. Nd2 Rf8+ 25. Nf3 Nf4 26. Kg3 Bxf3 27. gxf3 b6 28. a4 Ne2+ 29. Kf2 Nc3 30. Re1 Rd8 31. Nb5 a6 32. Nxc3 dxc3 33. f4 Kf7 34. Kf3 Ke6 35. Rg1 Rd4 36. Rg5 Kd6 37. h4 b5 38. axb5 axb5 39. Ke3 Kc6 40. h5 Rd6 41. hxg6 hxg6 42. e5 Re6 43. Ke4 b4 44. f5 gxf5+ 45. Kxf5 Kd5 46. Kf4 Kd4 47. Rf5 Kd5 48. Rf8 Re7 49. Rd8+ Ke6 50. Ke4 Rh7 51. Rd6+ Ke7 52. Rc6 Rh2 53. Rxc5 Rxc2 54. Rc4 Re2+ 55. Kd5 c2 56. d4 Kd7 57. Rc5 Ke7 58. Rc7+ Kd8 59. Rc4 Kd7 60. Kc5 Ke6 61. Kxb4 Kd5 62. Kb5 Rd2 63. b4 Rxd4 64. Rc5+ Ke6 65. Rxc2 Kxe5 66. Rc4 Rxc4 67. Kxc4 Kd6 68. Kb5 Kc7 69. Ka6 Kb8 70. Kb6 Ka8 71. b5 Kb8 72. Kc6 Ka7 73. b6+ Ka8 74. b7+ Kb8 75. Kb6 1/2-1/2


[Site "https://www.chess.com"]

[Event "Titled Tuesday Blitz October 31 Late 2023"]
[White "Ankerst, Mihael"]
[Black "Souleidis, Georgios"]
[WhiteFideId "14602369"]
[BlackFideId "4206827"]
[WhiteElo "2424"]
[BlackElo "2586"]
[Result "1-0"]
[Round "8"]
[TimeControl "180+1"]
[Date "2023.10.31"]
[WhiteClock "0:00:17"]
[BlackClock "0:00:00"]
[Board "77"]

1. d4 Nf6 2. c4 g6 3. Nc3 Bg7 4. e4 d6 5. f3 O-O 6. Bg5 c5 7. d5 e6 8. Qd2 a6 9. a4 exd5 10. cxd5 h6 11. Be3 h5 12. Bd3 Qc7 13. Nge2 Nbd7 14. b3 Ne5 15. Bc2 h4 16. O-O h3 17. g4 Re8 18. Ng3 Bxg4 19. fxg4 Nfxg4 20. Bf4 c4 21. b4 Nd3 22. Bxd3 cxd3 23. Rac1 Rac8 24. Na2 Qb6+ 25. Kh1 Rxc1 26. Nxc1 f5 27. exf5 Bd4 28. Nxd3 g5 29. Bxg5 Nf2+ 30. Nxf2 Bxf2 31. Qxf2 Qxb4 32. f6 Kf7 33. Qf5 1-0


[Site "https://www.chess.com"]

[Event "Titled Tuesday Blitz October 31 Late 2023"]
[White "Colbow, Collin"]
[Black "Spichkin, Alexander"]
[WhiteFideId "16201132"]
[BlackFideId "4144074"]
[WhiteElo "2571"]
[BlackElo "2422"]
[Result "1/2-1/2"]
[Round "8"]
[TimeControl "180+1"]
[Date "2023.10.31"]
[WhiteClock "0:00:30"]
[BlackClock "0:00:24"]
[Board "78"]

1. Nf3 e6 2. g3 f5 3. Bg2 Nf6 4. O-O d6 5. d4 Be7 6. c4 O-O 7. b3 a5 8. Nc3 Qe8 9. Bb2 Qh5 10. Re1 Ne4 11. Qd3 Nxc3 12. Bxc3 Nd7 13. e4 f4 14. e5 d5 15. h3 fxg3 16. fxg3 c5 17. cxd5 exd5 18. dxc5 Nxc5 19. g4 Nxd3 20. gxh5 Nxe1 21. Rxe1 Bxh3 22. Bxh3 Rxf3 23. Be6+ Kh8 24. Bd4 Rf4 25. Ba1 Rd8 26. h6 d4 27. Bc4 gxh6 28. Re2 Kg7 29. Bd3 h5 30. Rc2 Kh6 31. Bb2 Rg4+ 32. Kf1 Rf8+ 33. Ke2 Rg2+ 34. Kd1 Rg1+ 35. Ke2 Rg2+ 36. Kd1 Rxc2 37. Bxc2 Bc5 38. Bc1+ Kg7 39. Bg5 h4 40. Bxh4 Rf4 41. Bf6+ Kf7 42. Bxh7 Rf2 43. Be4 b6 44. Bd5+ Kg6 45. a4 Bb4 46. Bc4 Kf5 47. Bd8 Rd2+ 48. Kc1 Rh2 49. e6 Rh8 50. e7 Ke4 51. Bb5 d3 52. e8=Q+ Rxe8 53. Bxe8 Ke3 54. Bh5 Kd4 55. Bxb6+ Kc3 56. Bd1 Ba3+ 57. Kb1 Kd2 58. Bg4 Bb4 59. Bc7 Kc3 60. Bd1 d2 61. Bf4 Kd3 62. Bc2+ Ke2 63. Bxd2 Kxd2 64. Be4 Kc3 65. Bd5 Bc5 66. Bc4 Kb4 67. Kc1 Bd4 68. Kd1 Bc3 69. Ke2 Bb2 70. Kd3 Ba3 71. Ke4 Bb2 72. Kd5 Ba3 73. Kc6 Bb2 74. Kb6 Bc3 75. Ka6 Bb2 76. Kb6 Bc3 77. Kc6 Bb2 78. Kd5 Bc3 79. Ke4 Bb2 80. Kd3 Ba3 81. Kc2 Kc5 82. Kc3 Bb4+ 83. Kd3 Be1 84. Ke2 Bb4 85. Kd3 Ba3 86. Kc2 Bb4 87. Kb2 Bd2 88. Ka2 Kb4 89. Bb5 Bf4 90. Kb2 Be5+ 91. Kc2 Bd6 92. Kd3 Be5 93. Ke4 Bh8 94. Bc4 Bg7 95. Kd5 Bh8 96. Kc6 Bg7 97. Kb7 Bf8 98. Ka6 Be7 99. Kb7 Bd8 100. Kc8 Be7 101. Kd7 Bf6 102. Ke6 Bc3 103. Kf5 Bg7 104. Ke4 Kc5 105. Kf5 Kb4 106. Kg6 Bf8 107. Kh7 Be7 108. Kg8 Bd6 109. Kh7 Be5 110. Kg8 Bd4 111. Kh7 Bc3 112. Kg8 Bd4 113. Kh7 Bc5 1/2-1/2


[Site "https://www.chess.com"]

[Event "Titled Tuesday Blitz October 31 Late 2023"]
[White "Shapiro, Viktor"]
[Black "Gabdushev, Ruslan"]
[WhiteFideId "4175700"]
[BlackFideId "4137833"]
[WhiteElo "2558"]
[BlackElo "2420"]
[Result "1-0"]
[Round "8"]
[TimeControl "180+1"]
[Date "2023.10.31"]
[WhiteClock "0:00:20"]
[BlackClock "0:00:00"]
[Board "79"]

1. c4 c6 2. Nc3 d6 3. d4 g6 4. Nf3 Bg7 5. Bg5 Bg4 6. e3 h6 7. Bh4 g5 8. Bg3 Nd7 9. h4 gxh4 10. Bxh4 Qb6 11. Qb3 Nf8 12. Be2 Ng6 13. Bg3 h5 14. Nd2 Nf6 15. Bxg4 hxg4 16. Rxh8+ Bxh8 17. Qc2 Nh5 18. Bh2 Qa5 19. O-O-O O-O-O 20. Nde4 Nf6 21. Kb1 Bg7 22. c5 d5 23. Nxf6 Bxf6 24. Qf5+ Rd7 25. Qxg4 e6 26. Bd6 Qd8 27. Rh1 b6 28. Rh7 Qg8 29. Qh5 Kb7 30. g3 bxc5 31. Bxc5 e5 32. Qh3 Rd8 33. Na4 exd4 34. Bxd4 Bxd4 35. exd4 Qe8 36. Nc5+ Kb6 37. Qf1 Kc7 38. Qd1 Kd6 39. Qd2 1-0


[Site "https://www.chess.com"]

[Event "Titled Tuesday Blitz October 31 Late 2023"]
[White "Aldokhin, Ivan"]
[Black "Friedland, Moshe"]
[WhiteFideId "24115720"]
[BlackFideId "2812843"]
[WhiteElo "2542"]
[BlackElo "2415"]
[Result "1-0"]
[Round "8"]
[TimeControl "180+1"]
[Date "2023.10.31"]
[WhiteClock "0:01:13"]
[BlackClock "0:00:02"]
[Board "80"]

1. e4 c5 2. Nf3 d6 3. d4 cxd4 4. Nxd4 Nf6 5. Nc3 a6 6. Bc4 e6 7. Bb3 Nbd7 8. O-O Nc5 9. Qf3 Bd7 10. Bg5 b5 11. Rad1 b4 12. e5 dxe5 13. Nc6 Qc8 14. Nxe5 Be7 15. Nxd7 Ncxd7 16. Ne4 Nxe4 17. Bxe7 Kxe7 18. Qxe4 Rb8 19. Rfe1 Nc5 20. Qh4+ f6 21. Qg4 g6 22. Bc4 e5 23. Qh4 Ne6 24. Bxe6 Qxe6 25. f4 e4 26. Rd4 Qb6 27. Rxe4+ Kf7 28. Qf2 Qc6 29. Rc4 Qd5 30. Rc7+ Kg8 31. Ree7 h5 32. h3 Kf8 33. Qa7 1-0


[Site "https://www.chess.com"]

[Event "Titled Tuesday Blitz October 31 Late 2023"]
[White "Golubev, Mikhail"]
[Black "Hoffmann, Asa"]
[WhiteFideId "14100983"]
[BlackFideId "2001470"]
[WhiteElo "2532"]
[BlackElo "2409"]
[Result "0-1"]
[Round "8"]
[TimeControl "180+1"]
[Date "2023.10.31"]
[WhiteClock "0:00:00"]
[BlackClock "0:00:15"]
[Board "81"]

1. e4 d6 2. f4 c6 3. Nf3 g6 4. d4 d5 5. e5 Bg4 6. h3 Bxf3 7. Qxf3 e6 8. Bd3 c5 9. dxc5 Bxc5 10. Nc3 Nc6 11. Bd2 a6 12. O-O-O Nge7 13. g4 Qc7 14. Rhe1 O-O-O 15. Kb1 Kb8 16. f5 gxf5 17. Bg5 Nd4 18. Qf1 fxg4 19. hxg4 Rhg8 20. Be3 Nec6 21. Qg1 h5 22. Rf1 Rxg4 23. Qh1 h4 24. Rf2 Rdg8 25. Rdf1 Nxe5 26. Bf4 Ndc6 27. Bh2 Bxf2 28. Rxf2 f5 29. a3 Qb6 30. Ka2 Ka8 31. Qe1 Nxd3 32. cxd3 Rg2 33. Qxe6 Rxf2 34. Qxg8+ Ka7 35. Na4 Qd4 36. Bg1 h3 37. Qg3 Qxa4 38. Qxf2+ d4 39. Qxf5 Nb4+ 0-1


[Site "https://www.chess.com"]

[Event "Titled Tuesday Blitz October 31 Late 2023"]
[White "ChessLebaneseSalah"]
[Black "D`Arruda, Ricardo D."]
[BlackFideId "100692"]
[WhiteElo "2407"]
[BlackElo "2511"]
[Result "0-1"]
[Round "8"]
[TimeControl "180+1"]
[Date "2023.10.31"]
[WhiteClock "0:00:00"]
[BlackClock "0:02:05"]
[Board "82"]

1. e4 c5 2. Nf3 Nc6 3. d4 cxd4 4. Nxd4 e5 5. Nb5 a6 6. Nd6+ Bxd6 7. Qxd6 Qe7 8. Qd1 Nf6 9. Nc3 d6 10. Bc4 Be6 11. Bb3 h6 12. Be3 O-O 13. f3 Na5 14. Qd2 Nc4 15. Bxc4 Bxc4 16. O-O-O Rfd8 17. b3 Be6 18. g4 d5 19. g5 hxg5 20. Bxg5 dxe4 21. Qe3 Rxd1+ 22. Rxd1 exf3 23. Qxf3 Bg4 24. Bxf6 Qa3+ 25. Kb1 Bxf3 26. Rg1 g6 27. Rg3 Bh5 28. Ne4 Qa5 29. c3 Qd5 30. Re3 Bf3 0-1


[Site "https://www.chess.com"]

[Event "Titled Tuesday Blitz October 31 Late 2023"]
[White "Lopez Idarraga, Daniel Eduardo"]
[Black "Nilsen, Tobias Lang"]
[WhiteFideId "4405501"]
[BlackFideId "1521624"]
[WhiteElo "2404"]
[BlackElo "2506"]
[Result "1-0"]
[Round "8"]
[TimeControl "180+1"]
[Date "2023.10.31"]
[WhiteClock "0:00:56"]
[BlackClock "0:01:10"]
[Board "83"]

1. d4 d5 2. c4 c6 3. cxd5 cxd5 4. Bf4 Nc6 5. Nc3 a6 6. e3 Nf6 7. Bd3 e6 8. Nf3 Bd6 9. Ne5 O-O 10. Qf3 Qc7 11. Qg3 Nh5 12. Qh4 g6 13. Bh6 Re8 14. f4 Be7 15. Qf2 f6 16. Nxg6 Nb4 17. Nxe7+ Qxe7 18. Bb1 e5 19. fxe5 fxe5 20. O-O exd4 21. exd4 Be6 22. a3 Nc6 23. Bd3 Ng7 24. Qg3 Nxd4 25. Rf4 Nc6 26. Rh4 Rf8 27. Bxh7+ Kxh7 28. Bxg7+ Kg8 29. Bxf8+ Kxf8 30. Rh8+ Kf7 31. Rh7+ Ke8 32. Rxe7+ Kxe7 33. Re1 1-0


[Site "https://www.chess.com"]

[Event "Titled Tuesday Blitz October 31 Late 2023"]
[White "Rose, Felix"]
[Black "Santos Flores, Alberto"]
[WhiteFideId "5105722"]
[BlackFideId "3601234"]
[WhiteElo "2352"]
[BlackElo "2492"]
[Result "0-1"]
[Round "8"]
[TimeControl "180+1"]
[Date "2023.10.31"]
[WhiteClock "0:00:52"]
[BlackClock "0:02:31"]
[Board "84"]

1. e4 e6 2. d4 d5 3. Nc3 Nf6 4. e5 Nfd7 5. f4 c5 6. Nf3 Nc6 7. Be3 Qb6 8. Na4 Qa5+ 9. c3 b6 10. h4 Ba6 11. Bxa6 Qxa6 12. h5 Be7 13. g4 Rc8 14. h6 g6 15. b3 cxd4 16. cxd4 Nb4 17. Rh2 Nd3+ 18. Kd2 Bb4+ 0-1


[Site "https://www.chess.com"]

[Event "Titled Tuesday Blitz October 31 Late 2023"]
[White "Molenda, Marcin"]
[Black "Bogaudinov, Rushan"]
[WhiteFideId "1173065"]
[BlackFideId "4129288"]
[WhiteElo "2488"]
[BlackElo "2367"]
[Result "1-0"]
[Round "8"]
[TimeControl "180+1"]
[Date "2023.10.31"]
[WhiteClock "0:00:46"]
[BlackClock "0:00:00"]
[Board "85"]

1. e4 e5 2. Nf3 Nc6 3. Bb5 a6 4. Ba4 d6 5. c4 Bd7 6. Nc3 Nf6 7. O-O g6 8. Bxc6 bxc6 9. d4 exd4 10. Nxd4 Bg7 11. Bf4 O-O 12. Re1 Re8 13. h3 Rb8 14. b3 c5 15. Nc2 a5 16. Qd2 a4 17. bxa4 Ra8 18. e5 Nh5 19. Bh2 dxe5 20. Rad1 Be6 21. Qxd8 Rexd8 22. Rxd8+ Rxd8 23. Bxe5 Rd2 24. Bxg7 Kxg7 25. Ne3 Nf4 26. a5 Bc8 27. Rd1 Rb2 28. Rd8 Ba6 29. Ra8 Bb7 30. Rb8 Rb4 31. Ned5 Nxd5 32. Nxd5 Ra4 33. Rxb7 c6 34. Ne7 Rxa5 35. Nxc6 Rxa2 36. Ne5 Kf6 37. Nxf7 Ra1+ 38. Kh2 Rc1 39. Nd6 Ke5 40. Rb6 h5 41. h4 Rc2 42. Kg3 Kd4 43. Nb5+ 1-0


[Site "https://www.chess.com"]

[Event "Titled Tuesday Blitz October 31 Late 2023"]
[White "Cervantes Landeiro, Thalia"]
[Black "Szente Varga, Fruzsina"]
[WhiteFideId "3520498"]
[BlackFideId "712264"]
[WhiteElo "2486"]
[BlackElo "2320"]
[Result "0-1"]
[Round "8"]
[TimeControl "180+1"]
[Date "2023.10.31"]
[WhiteClock "0:00:54"]
[BlackClock "0:01:51"]
[Board "86"]

1. d4 Nf6 2. c4 g6 3. Nc3 Bg7 4. e4 d6 5. f4 O-O 6. Nf3 c5 7. d5 e6 8. dxe6 fxe6 9. Bd3 Nc6 10. O-O d5 11. cxd5 exd5 12. Nxd5 Nxd5 13. Bc4 Ne7 14. exd5 Qd6 15. Be3 Bg4 16. h3 Bxf3 17. Qxf3 Nf5 18. Bf2 a6 19. a4 Nd4 20. Qd3 Qxf4 21. Bg3 Ne2+ 22. Qxe2 Qxg3 23. d6+ Kh8 24. d7 Bd4+ 25. Kh1 Be5 26. Rxf8+ Rxf8 27. Qxe5+ Qxe5 28. Rd1 Rd8 29. Bf7 Qe2 30. Rd5 Qf1+ 0-1


[Site "https://www.chess.com"]

[Event "Titled Tuesday Blitz October 31 Late 2023"]
[White "Buchenau, Frank"]
[Black "Senft, Sean"]
[WhiteFideId "4604350"]
[BlackFideId "2044960"]
[WhiteElo "2485"]
[BlackElo "2349"]
[Result "1-0"]
[Round "8"]
[TimeControl "180+1"]
[Date "2023.10.31"]
[WhiteClock "0:00:08"]
[BlackClock "0:00:00"]
[Board "87"]

1. e4 c5 2. Nf3 d6 3. Bb5+ Bd7 4. Bxd7+ Nxd7 5. O-O Ngf6 6. Qe2 e6 7. d4 Be7 8. c4 cxd4 9. Nxd4 O-O 10. b3 Nc5 11. Nc3 Re8 12. Bb2 d5 13. e5 Nfe4 14. Nxe4 Nxe4 15. cxd5 exd5 16. Nf5 Bc5 17. Qg4 Qg5 18. Qxg5 Nxg5 19. Rad1 Rad8 20. Rfe1 Ne4 21. Bd4 Bxd4 22. Nxd4 Nc5 23. Nb5 Rd7 24. Nd6 Re6 25. Rxd5 b6 26. f4 f6 27. Red1 fxe5 28. fxe5 Rde7 29. Nf5 Re8 30. b4 Na6 31. Rd7 Rxe5 32. Nxg7 Re1+ 33. Rxe1 Rxe1+ 34. Kf2 Ra1 35. Nh5 Rxa2+ 36. Kf3 Nxb4 37. Nf6+ Kf8 38. Nxh7+ Ke8 39. Nf6+ Kf8 40. h4 Nc6 41. Rc7 Ne5+ 42. Ke4 Nf7 43. g4 b5 44. g5 Ra4+ 45. Kf5 Rxh4 46. g6 1-0


[Site "https://www.chess.com"]

[Event "Titled Tuesday Blitz October 31 Late 2023"]
[White "Fominykh, Maria"]
[Black "Czerw, Dawid"]
[WhiteFideId "4142411"]
[BlackFideId "1145746"]
[WhiteElo "2318"]
[BlackElo "2480"]
[Result "0-1"]
[Round "8"]
[TimeControl "180+1"]
[Date "2023.10.31"]
[WhiteClock "0:00:00"]
[BlackClock "0:00:05"]
[Board "88"]

1. d4 d5 2. c4 c6 3. Nc3 Nf6 4. Nf3 a6 5. cxd5 cxd5 6. Bf4 Nc6 7. e3 Bg4 8. Be2 e6 9. O-O Bxf3 10. Bxf3 Bd6 11. Bxd6 Qxd6 12. Na4 O-O 13. Qb3 b5 14. Nc5 Nd7 15. Rfc1 Rfc8 16. a4 b4 17. a5 Nxc5 18. Rxc5 f5 19. Rac1 Ne7 20. Qxb4 Rcb8 21. Qa3 Kf7 22. g3 Rb7 23. Be2 Rab8 24. R1c2 g5 25. Kg2 f4 26. Rc7 Qxa3 27. bxa3 fxe3 28. fxe3 Rxc7 29. Rxc7 Kf6 30. Bxa6 Ra8 31. Bb5 Rxa5 32. a4 Nf5 33. Kf2 Nd6 34. Rc6 Nxb5 35. axb5 Rxb5 36. Kf3 h5 37. h3 Rb1 38. Rc8 Rf1+ 39. Kg2 Re1 40. Kf2 Rh1 41. Kg2 Rd1 42. Kf2 Kf5 0-1


[Site "https://www.chess.com"]

[Event "Titled Tuesday Blitz October 31 Late 2023"]
[White "PapaieDudu"]
[Black "Willy, Stephen"]
[BlackFideId "30981468"]
[WhiteElo "2317"]
[BlackElo "2479"]
[Result "0-1"]
[Round "8"]
[TimeControl "180+1"]
[Date "2023.10.31"]
[WhiteClock "0:01:57"]
[BlackClock "0:01:50"]
[Board "89"]

1. e4 d6 2. Nf3 e5 3. d4 exd4 4. c3 dxc3 5. Bc4 cxb2 6. Bxb2 Be6 7. Bd3 Nf6 8. Nc3 Nc6 9. O-O Ne5 10. Nxe5 dxe5 11. f4 Bc5+ 12. Kh1 Ng4 13. f5 Qh4 14. Qxg4 Qxg4 15. fxe6 Qxe6 16. Nd5 Bb6 17. Rf5 f6 18. Bc4 O-O-O 19. Ba3 Kb8 20. Rb1 Qc6 21. Bb5 Qc2 22. Rc1 Qxe4 23. Ne7 Rd2 24. Rg1 Bxg1 0-1


[Site "https://www.chess.com"]

[Event "Titled Tuesday Blitz October 31 Late 2023"]
[White "Bilan, Danila"]
[Black "Slavin, Alexey"]
[WhiteFideId "24161918"]
[BlackFideId "24104388"]
[WhiteElo "2466"]
[BlackElo "2271"]
[Result "1/2-1/2"]
[Round "8"]
[TimeControl "180+1"]
[Date "2023.10.31"]
[WhiteClock "0:00:04"]
[BlackClock "0:00:04"]
[Board "90"]

1. d4 Nc6 2. d5 Ne5 3. e4 Ng6 4. Nf3 e5 5. h4 h5 6. g3 Bc5 7. Be2 d6 8. Nbd2 a6 9. Ng5 Nf6 10. Nc4 Ng4 11. Ne3 Bxe3 12. Bxe3 Qe7 13. c4 Bd7 14. b4 Nf8 15. Rc1 g6 16. Qd2 f6 17. Nh3 Nxe3 18. Qxe3 Bxh3 19. Rxh3 Nd7 20. c5 O-O 21. g4 hxg4 22. Bxg4 f5 23. exf5 gxf5 24. Bh5 Nf6 25. Rg3+ Kh8 26. Qg5 f4 27. Rg2 Nxd5 28. Qxe7 Nxe7 29. cxd6 cxd6 30. Rc7 Rf5 31. Bf3 Rf7 32. Rxb7 Rc8 33. Kd2 d5 34. Bxd5 Rd8 35. Ke2 Rxd5 36. h5 e4 37. Rg1 Kh7 38. Ke1 Rxh5 39. Rb6 Rh6 40. Rb7 Rhf6 41. Rg5 Ng6 42. Rxf7+ Rxf7 43. Ra5 Rf6 44. a4 Rb6 45. Rh5+ Kg7 46. b5 axb5 47. axb5 Kf6 48. Kd2 Ke6 49. Kc3 Kd6 50. Kb4 Ne5 51. Rh6+ Kc7 52. Rh7+ Nd7 53. Re7 e3 54. fxe3 f3 55. Rh7 f2 56. Rh1 Rf6 57. Rf1 Kb6 58. Kc3 Kxb5 59. Kd2 Kc4 60. Ke2 Ne5 61. Rxf2 Re6 62. Rf4+ Kd5 63. Rd4+ Kc6 64. Kd2 Nd7 65. Rc4+ Nc5 66. Rh4 Kd5 67. Ke2 Ne4 68. Kf3 Nd2+ 69. Ke2 Nc4 70. Rh5+ Kc6 71. Rh8 Rxe3+ 72. Kf2 Re6 73. Rc8+ Kd5 74. Rf8 Ke4 75. Rh8 Rf6+ 76. Ke2 Re6 77. Kf2 Ne5 78. Rh4+ Kd3 79. Rh3+ Kd2 80. Kg3 Rg6+ 81. Kf4 Nd3+ 82. Kf5 Rg1 83. Rh2+ Ke3 84. Rh4 Rf1+ 85. Ke6 Nf4+ 86. Kd6 Rd1+ 87. Kc6 Ke4 88. Rh2 Rc1+ 89. Kd7 Rc5 90. Ke7 Rd5 91. Rh4 Ke5 92. Rh1 Ng6+ 93. Kf7 Nf4 94. Re1+ Kf5 95. Rf1 Rd7+ 96. Ke8 Rb7 97. Kd8 Ke5 98. Re1+ Kd6 99. Rd1+ Nd5 100. Kc8 Ra7 101. Rd2 Ra8+ 102. Kb7 Ra4 103. Rb2 Kc5 104. Rc2+ Kd6 105. Rb2 Rc4 106. Rb1 Kc5 107. Rb2 Nc3 108. Kb8 Nb5 109. Rb1 Rd4 110. Rc1+ Kb6 111. Kc8 Rd6 112. Rc2 Rd3 113. Rc1 Rg3 114. Kd8 Rg7 115. Ke8 Nd6+ 116. Kf8 Rf7+ 117. Kg8 Re7 118. Rd1 Kc7 119. Rc1+ Kd7 120. Rf1 Ke6 121. Re1+ Kd7 1/2-1/2


[Site "https://www.chess.com"]

[Event "Titled Tuesday Blitz October 31 Late 2023"]
[White "Vifleemskaia, Svetlana"]
[Black "Rakitic2010"]
[WhiteFideId "4129490"]
[WhiteElo "2294"]
[BlackElo "2462"]
[Result "1/2-1/2"]
[Round "8"]
[TimeControl "180+1"]
[Date "2023.10.31"]
[WhiteClock "0:00:20"]
[BlackClock "0:00:15"]
[Board "91"]

1. d4 a6 2. c4 c6 3. a4 d5 4. cxd5 cxd5 5. Nc3 Nf6 6. Bf4 Nc6 7. e3 Bf5 8. Bd3 Bxd3 9. Qxd3 e6 10. Nf3 Bd6 11. O-O O-O 12. Ne5 Nh5 13. Nxc6 bxc6 14. Bxd6 Qxd6 15. a5 Nf6 16. Na4 Nd7 17. Nb6 Nxb6 18. axb6 Rfb8 19. Rxa6 Rxa6 20. Qxa6 Qb4 21. h3 g6 22. Rc1 Rxb6 23. Qa8+ Rb8 24. Qxc6 Qxb2 25. Qc2 Qb5 26. Qc5 Qe2 27. Qc2 Qb5 28. Qc5 Qb2 29. Qc2 Kg7 30. Kh2 Qa3 31. Qc7 Qb2 32. Qe5+ Kg8 33. Rc6 Ra8 34. Qf4 h5 35. Rc7 Rf8 36. Qf6 Qb8 37. Qf4 f6 38. Re7 Qxf4+ 39. exf4 e5 40. fxe5 fxe5 41. Rxe5 Rxf2 42. Kg3 Rd2 43. Rxd5 Kf7 44. h4 Ke6 45. Rg5 Rd3+ 46. Kf2 Rxd4 47. Rxg6+ Kf7 48. Rh6 Rxh4 49. Kg3 Rh1 50. Ra6 Re1 51. Ra5 Kg6 52. Ra6+ Kg5 53. Ra5+ Kg6 54. Ra6+ Kg7 55. Ra7+ Kf6 56. Ra6+ Kf5 57. Ra5+ Kg6 1/2-1/2


[Site "https://www.chess.com"]

[Event "Titled Tuesday Blitz October 31 Late 2023"]
[White "Osmonbekov, Talaibek"]
[Black "Tworuszka, Michal"]
[WhiteFideId "2017253"]
[BlackFideId "1117858"]
[WhiteElo "2260"]
[BlackElo "2460"]
[Result "1-0"]
[Round "8"]
[TimeControl "180+1"]
[Date "2023.10.31"]
[WhiteClock "0:00:13"]
[BlackClock "0:00:15"]
[Board "92"]

1. d4 Nf6 2. Nc3 d5 3. Bf4 c6 4. e3 Bf5 5. f3 e6 6. g4 Bg6 7. h4 h6 8. h5 Bh7 9. Bd3 Bxd3 10. Qxd3 Bd6 11. Nge2 Na6 12. a3 Nc7 13. O-O-O Bxf4 14. exf4 Qd6 15. f5 O-O-O 16. fxe6 Nxe6 17. Qf5 Kb8 18. Rde1 Rde8 19. Kb1 b5 20. Qe5 Kc7 21. Ng3 Qxe5 22. dxe5 Nd7 23. Nf5 Rhg8 24. Nd6 Re7 25. Nf5 Ree8 26. Nd6 Ref8 27. Rhf1 Nf4 28. Ne2 Nxe2 29. Rxe2 f6 30. Nf5 fxe5 31. c3 Rf6 32. Kc2 Re6 33. Rfe1 Rge8 34. Nxg7 R6e7 35. Nxe8+ Rxe8 36. f4 e4 37. g5 hxg5 38. fxg5 Ne5 39. g6 Nf3 40. Rh1 Ne5 41. g7 Nf3 42. h6 d4 43. cxd4 Nxd4+ 44. Kd2 Nxe2 45. Kxe2 Rg8 46. h7 Rxg7 47. h8=Q Re7 48. Rh7 Kd7 49. Rxe7+ Kxe7 50. Qe5+ Kd7 51. Qxe4 Kc7 52. Ke3 Kb7 53. Kd4 Kb6 54. Qe5 a5 55. Qc5+ Ka6 56. Qxc6+ Ka7 57. Qxb5 a4 58. Kc5 Ka8 59. Kc6 Ka7 60. Qb7# 1-0


[Site "https://www.chess.com"]

[Event "Titled Tuesday Blitz October 31 Late 2023"]
[White "Jovic, Stanoje"]
[Black "Souza, Gustavo Horokoski De"]
[WhiteFideId "905020"]
[BlackFideId "2146584"]
[WhiteElo "2435"]
[BlackElo "2202"]
[Result "1-0"]
[Round "8"]
[TimeControl "180+1"]
[Date "2023.10.31"]
[WhiteClock "0:00:34"]
[BlackClock "0:00:12"]
[Board "93"]

1. c4 Nf6 2. g3 g6 3. Bg2 Bg7 4. Nc3 O-O 5. Nf3 c5 6. O-O Nc6 7. d4 cxd4 8. Nxd4 Nxd4 9. Qxd4 d6 10. Bg5 h6 11. Bxf6 Bxf6 12. Qe3 Be6 13. b3 Qa5 14. Rac1 Bg5 15. f4 Bf6 16. Bxb7 Rab8 17. Bf3 Rfd8 18. Rfd1 Kg7 19. Kg2 h5 20. h4 Kg8 21. Rd2 Qc7 22. Bd5 Bf5 23. Be4 Be6 24. Bxg6 fxg6 25. Qxe6+ Kg7 26. Nd5 Qd7 27. Qxd7 Rxd7 28. e4 a5 29. Nxf6 Kxf6 30. e5+ Kf5 31. exd6 exd6 32. Rd5+ Kf6 33. Rxa5 Re7 34. Rc2 Re3 35. Ra6 Rbe8 36. Rxd6+ Kf5 37. Rd5+ Kf6 38. c5 Re2+ 39. Rxe2 Rxe2+ 40. Kf3 Rxa2 41. b4 Rc2 42. Ke4 Rc4+ 43. Rd4 Rc3 44. Rd6+ Kf7 45. Rb6 Rxg3 46. c6 Rc3 47. b5 Ke7 48. Rb7+ Kd6 49. Rg7 Rc4+ 50. Ke3 Rb4 51. Rxg6+ Kc7 52. Rg7+ Kd6 53. Rd7+ Ke6 54. f5+ Kxf5 55. c7 Rc4 56. b6 Ke6 57. Rd8 Rc3+ 58. Kd2 1-0


[Site "https://www.chess.com"]